Description

PiG: "In this B2GM episode, we are playing against players Masters 2 to Grandmasters!"

VOD

https://www.youtube.com/watch?v=5nYtG3lV0pI&list=PLOrKQEirgvjD0h2N70b__CNnBkypGp0oz&index=8

Replay - PiG B2GM 2023 Masters 2 Game 1 vs Terran [ESL] Gresvan (7)

Build Order

Get SALT Encoding   

  12  0:01  Drone  
  13  0:14  Overlord  
  13  0:18  Drone  
  14  0:32  Drone x2  
  16  0:49  Hatchery  
  15  0:53  Drone x2  
  17  0:58  Drone  
  18  1:10  Extractor  
  17  1:14  Spawning Pool  
  17  1:17  Drone x2  
  18  1:30  Drone  
  20  1:52  Overlord  
  20  2:02  Queen x2  
  20  2:03  Zergling x4  
  32  2:37  Hatchery  
  32  2:42  Queen  
  33  2:50  Overlord  
  33  2:52  Metabolic Boost  
  36  3:09  Overlord  
  42  3:25  Overlord  
  43  3:43  Queen x2  
  48  3:49  Queen  
  50  4:00  Zergling x10  
  60  4:19  Queen  
  62  4:28  Queen  
  73  4:46  Queen  
  73  4:49  Spore Crawler x3  
  72  4:58  Lair  
  80  5:14  Extractor  
  80  5:15  Baneling Nest  
  78  5:21  Zergling x6  
  83  5:42  Extractor x4  
  84  5:51  Hatchery  
  84  5:56  Overseer, Hatchery  
  86  6:06  Centrifugal Hooks  
  86  6:16  Evolution Chamber x2  
  86  6:17  Hatchery x2  
  88  6:37  Overseer  
  92  6:47  Hatchery  
  93  7:04  Zerg Ground Armor Level 1, Zerg Melee Weapons Level 1  
  93  7:08  Infestation Pit  
  98  7:16  Baneling x9  
  119  8:12  Baneling  
  141  8:49  Hatchery  
  131  9:14  Infestor x3  
  137  9:19  Hatchery  
  136  9:27  Infestor  
  144  9:43  Pneumatized Carapace  
  144  9:45  Zerg Ground Armor Level 2  
  144  9:46  Zerg Melee Weapons Level 2  
  143  11:20  Hive  
  143  11:22  Spire  
  149  11:43  Hatchery  
  147  11:57  Extractor x2  
  158  12:18  Burrow  
  157  12:26  Spore Crawler x4  
  157  12:30  Spine Crawler x2  
  155  12:48  Zerg Ground Armor Level 3, Zerg Melee Weapons Level 3  
  155  12:49  Adrenal Glands  
  154  12:51  Ultralisk Cavern  
  153  13:10  Greater Spire, Corruptor x5  
  184  13:23  Spore Crawler x3  
  180  13:38  Chitinous Plating  
  180  13:40  Ultralisk x5  
  189  14:13  Spine Crawler x3  
  185  14:27  Brood Lord x5  
  178  14:48  Zerg Flyer Weapons Level 1  
  178  14:52  Corruptor x5  
  178  14:57  Anabolic Synthesis  
Spawning Tool Build Advisor. Get it on Overwolf

Go to:

Details

  • Created by: lkojr89
  • Published on: Jun 21, 2024
  • Modified on: Jun 21, 2024
  • Patch: 5.0.11
  • Difficulty: Hard
Show
View Real Time Build Order
Export as new Build Order

Comments (0)

There are no comments. Be the first!

Create an account to comment!